 Dungeon Crawl Stone Soup version 0.28-a0-258-g8de209e91f (webtiles) character file.

Game seed: 199392640815601001

114 voltaire321 the Ducker (level 4, -1/35 HPs)
             Began as a Merfolk Gladiator on Aug 26, 2021.
             Slain by a gnoll (5 damage)
             ... on level 3 of the Dungeon.
             The game lasted 00:04:35 (2405 turns).

voltaire321 the Ducker (Merfolk Gladiator)          Turns: 2405, Time: 00:04:36

Health: -1/35      AC:  4    Str: 14    XL:     4   Next: 98%
Magic:  4/4        EV: 14    Int:  7    God:
Gold:   81         SH:  0    Dex: 16    Spells: 3/3 levels left

rFire   . . .      SeeInvis .   a - +0 long sword
rCold   . . .      Faith    .   (no shield)
rNeg    . . .      Spirit   .   b - +0 leather armour
rPois   .          Reflect  .   c - +0 helmet
rElec   .          Harm     .   (no cloak)
rCorr   .          Rampage  .   (no gloves)
Will    .....                   (no boots)
Stlth   +.........              (no amulet)
HPRegen 0.11/turn               (no ring)
MPRegen 0.09/turn               (no ring)

@: no status effects
A: (nimble swimmer 2), mertail
a: no special abilities


You were on level 3 of the Dungeon.
You visited 1 branch of the dungeon, and saw 3 of its levels.

You collected 81 gold pieces.

Inventory:

Hand Weapons
 a - a +0 long sword (weapon)
Missiles
 d - 3 throwing nets
 f - 17 poisoned darts
 h - 4 javelins
 n - 6 atropa-tipped darts (quivered)
Armour
 b - a +0 leather armour (worn)
 c - a +0 helmet (worn)
Jewellery
 k - an amulet of magic regeneration
Scrolls
 g - a scroll of magic mapping {unknown}
 i - 3 scrolls of enchant armour {unknown}
 l - a scroll of immolation {unknown}
 m - 4 scrolls of identify {unknown}
 q - a scroll of blinking {unknown}
Potions
 e - a potion of heal wounds {unknown}
 j - a potion of might {unknown}
 o - a potion of magic {unknown}
 p - a potion of mutation {unknown}


   Skills:
 + Level 3.3 Fighting
 + Level 4.0 Long Blades
 + Level 3.0 Throwing
 + Level 5.1 Dodging


You had 3 spell levels left.
You didn't know any spells.
Your spell library was empty.

Dungeon Overview and Level Annotations

Branches:
Dungeon (3/15)

Altars:


Innate Abilities, Weirdness & Mutations

((You are quick and stealthy near water. (Stealth+, EV+, Speed+++)))
Your lower body shifts to a powerful aquatic tail in water.


Message History

A gnoll comes into view. It is wielding a +0 spear.
Throw: 7 darts (atropa)
Press: ? - help, Q - select action, (/) - cycle Shift-Dir - straight line, f - gnoll, p - gnoll
Aim: a gnoll, wielding a +0 spear (65% to hit, chance to blind on hit: 100%)
You throw an atropa-tipped dart. The atropa-tipped dart hits the gnoll!
The gnoll appears confused.
The gnoll seems less confused.
The gnoll seems less confused.
You hit the gnoll.
The gnoll is moderately wounded.
The gnoll is no longer blind.
The gnoll hits you with a +0 club.
The gnoll shouts!
You hit the gnoll.
The gnoll is heavily wounded.
You hit the gnoll.
The gnoll is moderately wounded.
The gnoll hits you with a +0 flail.
You hit the gnoll.
The gnoll is heavily wounded.
The gnoll hits you with a +0 flail!
You barely miss the gnoll.
The gnoll is heavily wounded.
The gnoll hits you with a +0 flail!
* * * LOW HITPOINT WARNING * * *
You slash the gnoll!
You kill the gnoll!
Your Throwing skill increases to level 3!
You hit the gnoll but do no damage.
The gnoll is heavily wounded.
A giant cockroach comes into view.
The gnoll misses you.
The gnoll hits you from afar with a +1 halberd of freezing.
* * * LOW HITPOINT WARNING * * *
The gnoll freezes you.
* * * LOW HITPOINT WARNING * * *
You hit the gnoll but do no damage.
The gnoll is heavily wounded.
The gnoll completely misses you.
The gnoll hits you from afar with a +1 halberd of freezing.
You die...

######### #.......#
####.#####.###
#<............
#######.##....##.##
#.......##..B..#.#
#.......##.......#
##.#####.####@##### #
#...####.# #g# #
#......#.# #g# #
#...##.#.# #(# #
##.###.#.# ... #
#.†.....# ..... #
##.##.###.......
#####...#.##....(....
...........+......g..+


You could see 2 gnolls and a giant cockroach.

Vanquished Creatures
  A gnoll (D:3)
  2 adders
  A worm (D:2)
  3 dart slugs (D:1)
  7 bats
  9 endoplasms
  A giant cockroach (D:2)
  13 goblins
  3 hobgoblins
  7 jackals
  A quokka (D:2)
  5 ball pythons
  2 frilled lizards
  8 kobolds
  6 rats
69 creatures vanquished.

Notes
Turn   | Place    | Note
-------+----------+-------------------------------------------
     0 | D:1      | voltaire321 the Merfolk Gladiator began the quest for the
                  | Orb.
     0 | D:1      | Reached XP level 1. HP: 16/16 MP: 1/1
   162 | D:1      | Reached XP level 2. HP: 23/23 MP: 2/2
   433 | D:1      | Reached XP level 3. HP: 28/28 MP: 3/3
  1142 | D:2      | Found a faded altar of an unknown god.
  1313 | D:2      | Reached XP level 4. HP: 13/35 MP: 4/4
  2263 | D:3      | Reached skill level 5 in Dodging
  2405 | D:3      | Slain by a gnoll

Illustrated notes

Levels and vault maps discovered:
D:1:      dpeg_arrival_rooms_b, layout_loops_cross, chequers_jeans,
          minmay_misc_feat_diagonals, st_stairs_1, minmay_liquid_box,
          minmay_ruptured
D:2:      kennysheep_the_goblin_king, layout_loops_cross,
          shapermc_ecumenical_altar_starsandcircs
D:3:      layout_loops_corners, mrwooster_statue_mirror, roderic_batcave

Skill      XL: |  1  2  3  4 |
---------------+-------------+-----
Fighting       | 3 |  3.3
Long Blades    | 4 |  4.0
Dodging        | 5 |  5.1
Throwing       | 3 |  3.0

Action                   |  1- 3 |  4- 6 || total
-------------------------+-------+-------++-------
Melee: Long sword        |    96 |    89 ||   185
Throw: Dart              |       |     2 ||     2
 Stab: Sleeping          |     1 |       ||     1
Armor: Leather armour    |    21 |    36 ||    57
Dodge: Dodged            |    65 |    66 ||   131
       Rpst.: Long sword |    20 |    18 ||    38

Table legend: (Time is in decaauts)
 A = Elapsed time spent in this place.
 B = Non-inter-level travel time spent in this place.
 C = Inter-level travel time spent in this place.
 D = Time resting spent in this place.
 E = Time spent auto-exploring this place.
 F = Levels seen in this place.
 G = Mean time per level.
                   A        B        C        D        E       F      G
               +--------+--------+--------+--------+--------+-----+--------+
         Total |   2442 |   2408 |     34 |    493 |   1366 |   3 |  814.0 |
       Dungeon |   2442 |   2408 |     34 |    493 |   1366 |   3 |  814.0 |
               +--------+--------+--------+--------+--------+-----+--------+

Top non-repeatable levels by time:
     D:2: 1218 daAuts
     D:1: 1011 daAuts
     D:3: 212 daAuts
